 Dungeon Crawl Stone Soup version 0.29-a0-330-g52719c12eb (webtiles) character file.

Game seed: 6193567368049549768

354 kae the Firebug (level 6, -4/49 HPs)
             Began as a Demigod Fire Elementalist on May 8, 2022.
             Splashed by a jelly's acid (9 damage)
             ... on level 4 of the Dungeon.
             The game lasted 00:04:06 (5153 turns).

kae the Firebug (Demigod Fire Elementalist)         Turns: 5153, Time: 00:04:06

Health: -4/49      AC: -2    Str:  9    XL:     6   Next: 13%
Magic:  9/13       EV: 13    Int: 25    God:
Gold:   1244       SH:  0    Dex: 14    Spells: 1/10 levels left

rFire   + + .      SeeInvis .   f - staff of fire
rCold   x . .      Faith    .   (no shield)
rNeg    . . .      Spirit   .   a - +0 robe
rPois   .          Reflect  .   (no helmet)
rElec   .          Harm     .   (no cloak)
rCorr   .          Rampage  .   (no gloves)
Will    .....                   (no boots)
Stlth   ++........              o - amulet of the acrobat
HPRegen 0.16/turn               q - ring of fire
MPRegen 0.13/turn               (no ring)

@: corroded
A: high MP 1, forlorn, divine attributes
a: no special abilities


You were on level 4 of the Dungeon.
You visited 1 branch of the dungeon, and saw 5 of its levels.

You collected 1244 gold pieces.

Inventory:

Armour
 a - a +0 robe (worn)
Magical Staves
 f - a staff of fire (weapon)
Jewellery
 e - a ring of ice
 o - an amulet of the acrobat (around neck)
 q - a ring of fire (left hand)
Wands
 c - a wand of iceblast (5)
Scrolls
 d - a scroll of blinking
 g - 3 scrolls of teleportation
 h - a scroll of fear
 m - 2 scrolls of amnesia
 p - a scroll of fog {unknown}
 r - a scroll of summoning
Potions
 b - 2 potions of lignification {unknown}
 i - a potion of cancellation {unknown}
 j - 2 potions of haste
 k - a potion of curing
 l - 2 potions of degeneration
 n - a potion of ambrosia {unknown}
 s - a potion of heal wounds


   Skills:
 + Level 2.3 Fighting
 + Level 3.1 Dodging
 - Level 1.7 Stealth
 + Level 2.9 Spellcasting
 + Level 2.6 Conjurations
 + Level 3.7 Fire Magic


You had one spell level left.
You knew the following spells:

 Your Spells              Type           Power      Damage    Failure   Level
a - Foxfire               Conj/Fire      100%       2x1d9     2%          1
b - Scorch                Fire           100%       2d10      3%          2
c - Conjure Flame         Conj/Fire      44%        6-21      9%          3
d - Inner Flame           Hex/Fire       29%        N/A       14%         3

Your spell library contained the following spells:

 Spells                   Type           Power      Damage    Failure   Level
 Wereblood                Tmut           3%         N/A       16%         2
 Dazzling Flash           Conj/Hex       20%        N/A       19%         3
 Ignite Poison            Fire/Tmut/Pois 22%        N/A       19%         3
 Flame Wave               Conj/Fire      44%        2d10      26%         4
 Spider Form              Tmut/Pois      3%         N/A       30%         3
 Agony                    Necr           3%         N/A       96%         5
 Silence                  Hex/Air        1%         N/A       96%         5


Dungeon Overview and Level Annotations

Branches:
Dungeon (5/15)
 Temple: D:4-7


Innate Abilities, Weirdness & Mutations

You have an increased reservoir of magic. (+10% MP)
You shall have no god before yourself.
Your divine heritage dramatically boosts your attributes as you level up.


Message History

You don't have enough magic to cast this spell.
Your magical contamination has completely faded away.
Key pressed, stopping explore.
Key pressed, stopping explore.
Magic restored.
Key pressed, stopping explore.
HP restored.
Things that are here:
a +0 flail of protection; a +0 club; a gnoll corpse You can't go down here!
(D) Dungeon
Where to? (Enter - D:5, ? - help)
There is a stone staircase leading down here.
You climb downwards.
The jelly hits you.
You are splashed with acid!
The gnoll hits you with a +0 club. The gnoll closely misses you.
The jelly barely misses you.
There is a stone staircase leading up, spattered with blood here.
The gnoll barely misses you. The jelly hits you. The acid corrodes you!
You are splashed with acid!
You climb upwards.
There is a stone staircase leading down here.
Casting: Foxfire (safe; 2% risk of failure)
Confirm with . or Enter, or press ? or * to list all spells.
You feel a strong surge of power!
Flames lash the gnoll.
The gnoll is almost dead.
The gnoll's fire resistance burns away.
The gnoll hits you with a +0 club. The jelly hits you.
You are splashed with acid!
* * * LOW HITPOINT WARNING * * *
The gnoll hits you with a +0 club.
* * * LOW HITPOINT WARNING * * *
The jelly closely misses you.
Casting: Scorch (safe; 3% risk of failure)
Confirm with . or Enter, or press ? or * to list all spells.
You feel a strong surge of power!
Flames lash the gnoll.
The gnoll is burned terribly!
You kill the gnoll!
The jelly hits you.
* * * LOW HITPOINT WARNING * * *
The acid corrodes you!
You are splashed with acid!
You die...

#.## ##.####...##
#..###
#..###....#...##
##...##
##...........##
###..## ##..........##
##..###
#............## ##...#
##.)...........##
###..
#.#.............## #..
##.#............).##
##.
##)###.........J@)..##
## #).#
###.......))[)..## #
#..# ##.............##
...# #####.....[....##
...# #######.....##
..## ####...## ..#
##...## #.# ##...## #
### ##...### #


You could see a jelly.

Vanquished Creatures
  2 orc priests (D:4)
  A hound (D:4)
  An iguana (D:4)
  2 orc wizards (D:4)
  2 gnolls (D:4)
  7 adders
  4 worms
  4 dart slugs
  11 orcs
  3 ball pythons
  6 bats
  10 endoplasms
  3 giant cockroaches
  7 hobgoblins
  14 jackals
  3 quokkas
  A frilled lizard (D:1)
  3 kobolds
  4 rats
88 creatures vanquished.

Vanquished Creatures (collateral kills)
  3 foxfires (D:1)
3 creatures vanquished.

Vanquished Creatures (others)
  324 foxfires
324 creatures vanquished.

Grand Total: 415 creatures vanquished

Notes
Turn   | Place    | Note
-------+----------+-------------------------------------------
     0 | D:1      | kae the Demigod Fire Elementalist began the quest for the
                  | Orb.
     0 | D:1      | Reached XP level 1. HP: 14/14 MP: 5/5
   198 | D:1      | Reached skill level 1 in Conjurations
   516 | D:1      | Reached XP level 2. HP: 22/22 MP: 0/7
   519 | D:1      | Learned a level 2 spell: Scorch
  1777 | D:2      | Reached skill level 1 in Fighting
  1777 | D:2      | Reached XP level 3. HP: 28/28 MP: 3/8
  1910 | D:2      | Identified 2 scrolls of acquirement
  2015 | D:2      | Acquired 1124 gold pieces
  2017 | D:2      | Acquired a staff of fire
  2168 | D:2      | Learned a level 3 spell: Conjure Flame
  3216 | D:3      | Reached XP level 4. HP: 32/35 MP: 5/10
  3501 | D:4      | Got the Papyrus of Shifting Contamination
  3932 | D:4      | Reached XP level 5. HP: 16/41 MP: 5/11
  4571 | D:4      | Reached XP level 6. HP: 48/48 MP: 8/13
  4841 | D:5      | Entered Level 5 of the Dungeon
  4940 | D:4      | Learned a level 3 spell: Inner Flame
  5153 | D:4      | Splashed by a jelly's acid

Illustrated notes

Levels and vault maps discovered:
D:1:      kilobyte_arrival_exit_the_forest, layout_basic,
          chequers_serial_rivers_room_b, minmay_misc_feat_encased
D:2:      layout_loops_ring, shapermc_ecumenical_altar_mp_vishouse
D:3:      layout_rooms, mainiacjoe_overflow_concentric_impassable
D:4:      layout_cave_pods, cheibrodos_sewer_entry_bend
D:5:      layout_loops_cross, minmay_temple_entry_fiery

Skill      XL: |  1  2  3  4  5 |
---------------+----------------+-----
Conjurations   | 1 2 |  2.6
Dodging        | 2 3 |  3.1
Spellcasting   | 2 |  2.9
Fighting       | 1 2 |  2.3
Fire Magic     | 3 |  3.7
Stealth        | |  1.7

Action                   |  1- 3 |  4- 6 || total
-------------------------+-------+-------++-------
Melee: Staff             |       |     6 ||     6
 Cast: Foxfire           |   133 |    58 ||   191
       Scorch            |     3 |    15 ||    18
  Use: Scroll            |    10 |     6 ||    16
       Potion            |       |     2 ||     2
 Stab: Sleeping          |       |     1 ||     1
Armor: Robe              |     2 |     6 ||     8
Dodge: Dodged            |    12 |    76 ||    88

Table legend: (Time is in decaauts)
 A = Elapsed time spent in this place.
 B = Non-inter-level travel time spent in this place.
 C = Inter-level travel time spent in this place.
 D = Time resting spent in this place.
 E = Time spent auto-exploring this place.
 F = Levels seen in this place.
 G = Mean time per level.
                   A        B        C        D        E       F      G
               +--------+--------+--------+--------+--------+-----+--------+
         Total |   5172 |   5064 |    108 |      8 |   4267 |   5 | 1034.4 |
       Dungeon |   5172 |   5064 |    108 |      8 |   4267 |   5 | 1034.4 |
               +--------+--------+--------+--------+--------+-----+--------+

Top non-repeatable levels by time:
     D:1: 1763 daAuts
     D:4: 1687 daAuts
     D:2: 906 daAuts
     D:3: 794 daAuts
     D:5: 20 daAuts
